 Dungeon Crawl Stone Soup version 0.31-a0-810-ga77100ea1a (webtiles) character file.

Game seed: 3319131977541008818

3822 Dittersdorf the Fighter (level 10, -11/65 HPs)
             Began as a Gargoyle Fighter on Sept 21, 2023.
             Was a Priest of Okawaru.
             Mangled by a wyvern (14 damage)
             ... on level 7 of the Dungeon.
             The game lasted 00:08:39 (7624 turns).

Dittersdorf the Fighter (Gargoyle Fighter)          Turns: 7624, Time: 00:08:40

Health: -11/65     AC: 20    Str: 24    XL:     10   Next: 17%
Magic:  10/10      EV: 10    Int:  9    God:    Okawaru [***...]
Gold:   403        SH: 10    Dex:  9    Spells: 9/9 levels left

rFire   + . .        a - +1 flail
rCold   + . .        c - +0 buckler
rNeg    + . .        q - +2 ring mail {rC+}
rPois   ∞            m - +0 helmet
rElec   +            y - +0 cloak
rCorr   .            (no gloves)
SInv    .            i - +0 pair of boots
Will    .....        l - amulet of reflection Stlth
                     b - ring of protection from fire
HPRegen 0.30/turn    (no ring)
MPRegen 0.12/turn

%: reflection
@: no status effects
A: sickness immunity, AC +7, negative energy resistance 1, electricity
resistance, torment resistance 1, petrification resistance
a: Renounce Religion, Heroism


You were on level 7 of the Dungeon.
You worshipped Okawaru.
Okawaru was most pleased with you.
You visited 1 branch of the dungeon, and saw 8 of its levels.
You also visited: Ossuary.

You collected 403 gold pieces.

Inventory:

Hand Weapons
 a - a +1 flail (weapon)
Armour
 c - a +0 buckler (worn)
 g - a +0 plate armour
 i - a +0 pair of boots (worn)
 m - a +0 helmet (worn)
 q - a +2 ring mail of cold resistance (worn)
 y - a +0 cloak (worn)
Jewellery
 b - a ring of protection from fire (left hand)
 l - an amulet of reflection (around neck)
 w - a ring of fire
Wands
 p - a wand of acid (10)
 u - a wand of flame (23)
Scrolls
 f - 2 scrolls of identify
 n - a scroll of enchant weapon
 r - 2 scrolls of teleportation
Potions
 d - a potion of might
 e - 2 potions of haste
 h - 6 potions of curing
 j - 4 potions of resistance
 k - a potion of mutation
 s - a potion of heal wounds
 v - 2 potions of magic
 x - 2 potions of enlightenment


   Skills:
 + Level 8.6 Fighting
 + Level 7.4 Maces & Flails
 + Level 8.5 Armour
 + Level 8.6 Shields


You had 9 spell levels left.
You didn't know any spells.
Your spell library contained the following spells:

 Spells                   Type           Power      Damage    Failure   Level
 Shock                    Conj/Air       0%         1d3       56%         1
 Dazzling Flash           Conj/Hex       0%         N/A       90%         3
 Ozocubu's Armour         Ice            0%         N/A       90%         3
 Swiftness                Air            0%         N/A       90%         3
 Volatile Blastmotes      Fire/Tloc      0%         2d10      90%         3
 Airstrike                Air            0%         2d(0-16)  100%        4
 Manifold Assault         Tloc           0%         N/A       100%        4
 Metabolic Englaciation   Hex/Ice        0%         N/A       100%        5
 Dispersal                Tloc           0%         N/A       100%        6
 Starburst                Conj/Fire      0%         6d3       100%        6
 Disjunction              Tloc           0%         N/A       100%        8
 Maxwell's Capacitive Co  Air            0%         ∞         100%        8
 Simulacrum               Ice/Necr       Unusable   N/A       N/A         6

Dungeon Overview and Level Annotations

Branches:
Dungeon (8/15)             Temple (0/1) D:4         Ossuary (visited)
   Lair: D:8-11

Altars:
Dithmenos
Okawaru
Ru
Sif Muna
Trog
Uskayaw
Wu Jian
Zin
The Shining One

Shops:
D:5 :


Innate Abilities, Weirdness & Mutations

You are immune to sickness and miasma.
Your stone body is resilient. (AC +7)
You are immune to poison.
You resist negative energy. (rN+)
You are resistant to electric shocks. (rElec)
You are resistant to unholy torment.
You are immune to petrification.


Message History

You are too injured to fight recklessly!
You are too injured to fight recklessly!
You are too injured to fight recklessly!
You are too injured to fight recklessly!
You are too injured to fight recklessly!
You are too injured to fight recklessly!
You are too injured to fight recklessly!
You are too injured to fight recklessly!
You are too injured to fight recklessly!
You are too injured to fight recklessly!
You are too injured to fight recklessly!
You barely miss the wyvern.
The wyvern is moderately wounded.
You block the wyvern's attack. The wyvern closely misses you.
You hit the wyvern but do no damage.
The wyvern is moderately wounded.
The wyvern bites you.
You closely miss the wyvern.
The wyvern is moderately wounded.
The wyvern bites you!
The wyvern bites you but does no damage.
You hit the wyvern.
The wyvern is moderately wounded.
The wyvern barely misses you.
You hit the wyvern.
The wyvern is heavily wounded.
The wyvern bites you!
* * * LOW HITPOINT WARNING * * *
The wyvern bites you but does no damage.
You sock the wyvern!
The wyvern is almost dead.
The wyvern closely misses you. The wyvern barely misses you.
You closely miss the wyvern.
The wyvern is almost dead.
The wyvern bites you!
* * * LOW HITPOINT WARNING * * *
You hit the wyvern.
The wyvern is almost dead.
You block the wyvern's attack. The wyvern bites you!
You die...

............###.>###..##.## #
......###.....#.###....#.########
.....## #...........#............
....## ##.................##.###
....## ###...........##..###.##
[###.###............##...####.#
## ##.........##..##.#...##[###
##..####...##l###.##.......##
#..## #...##@# ##.######...##
#..## #.....## ### #.....
#####..# ###...####### ##..##.
#..###.## ###.........# ##.####.
...####.###.....####..####.## ##
.##.####...###..#####<.##.## #
####.####### ##..#.......<## #
##..# ##...........###### # ##..#
######....#.##..(#


You could see a wyvern.

Vanquished Creatures
  A manticore (D:7)
  Sigmund (D:6)
  4 yaks
  Menkaure (D:5)
  Edmund (D:5)
  2 water moccasins
  2 black bears
  A wolf (D:7)
  A centaur (D:7)
  2 phantoms
  A bullfrog (D:7)
  A scorpion (D:5)
  4 water moccasin zombies (Ossuary)
  13 killer bees
  4 hounds
  3 orc priests
  3 jellies
  Crazy Yiuf (D:4)
  A gnoll bouda (D:6)
  2 sleepcaps
  Jessica (D:3)
  2 iguanas
  Terence (D:2)
  2 orc wizards
  2 mummies (Ossuary)
  Robin (D:2)
  8 gnolls
  4 adders
  A white imp (D:6)
  2 adder zombies (Ossuary)
  2 dart slugs
  10 orcs
  8 ball pythons
  7 endoplasms
  7 giant cockroaches
  13 goblins
  16 hobgoblins
  10 jackals
  5 bats
  6 frilled lizards
  9 gnoll zombies (Ossuary)
  6 hobgoblin zombies (Ossuary)
  8 kobolds
  2 kobold zombies (Ossuary)
  2 orc zombies (Ossuary)
  6 rats
190 creatures vanquished.

Vanquished Creatures (others)
  An orc wizard (D:5)
1 creature vanquished.

Grand Total: 191 creatures vanquished

Notes
Turn   | Place    | Note
-------+----------+-------------------------------------------
     0 | D:1      | Dittersdorf the Gargoyle Fighter began the quest for the
                  | Orb.
     0 | D:1      | Reached XP level 1. HP: 14/14 MP: 1/1
    25 | D:1      | Reached XP level 2. HP: 19/19 MP: 2/2
   186 | D:1      | Found a faded altar of an unknown god.
   319 | D:1      | Reached XP level 3. HP: 20/23 MP: 3/3
   662 | D:2      | Noticed Terence
   684 | D:2      | Killed Terence
   685 | D:2      | Reached XP level 4. HP: 6/29 MP: 4/4
  1169 | D:2      | Noticed Robin
  1195 | D:2      | Killed Robin
  1196 | D:2      | Reached XP level 5. HP: 33/33 MP: 5/5
  1796 | D:3      | Noticed Jessica
  1803 | D:3      | Killed Jessica
  2198 | D:3      | Found a hide-covered altar of Uskayaw.
  2621 | D:4      | Found a shadowy altar of Dithmenos.
  2621 | D:4      | Found a glowing silver altar of Zin.
  2649 | D:4      | Found an iron altar of Okawaru.
  2657 | D:4      | Became a worshipper of Warmaster Okawaru
  2805 | D:4      | Noticed a phantom
  2821 | D:4      | Killed a phantom
  2822 | D:4      | Reached XP level 6. HP: 39/39 MP: 6/6
  2859 | D:4      | Found a staircase to the Ecumenical Temple.
  2910 | D:4      | Found a bloodstained altar of Trog.
  3234 | D:4      | Found a runed translucent door.
  3235 | D:4      | Noticed Crazy Yiuf
  3340 | D:4      | Found a glowing golden altar of the Shining One.
  3448 | D:4      | Killed Crazy Yiuf
  3448 | D:4      | Reached * piety under Okawaru
  3509 | D:5      | Entered Level 5 of the Dungeon
  3522 | D:5      | Found Tiwis's Book Shop.
  3524 | D:5      | Noticed a water moccasin
  3546 | D:5      | Reached skill level 5 in Fighting
  3546 | D:5      | Reached skill level 5 in Armour
  3546 | D:5      | Reached skill level 5 in Shields
  3546 | D:5      | Reached XP level 7. HP: 35/44 MP: 7/7
  3554 | D:5      | Noticed Menkaure
  3558 | D:5      | Found a sand-covered staircase.
  3567 | D:5      | Killed Menkaure
  3584 | Ossuary  | Entered an ossuary
  3853 | Ossuary  | Reached XP level 8. HP: 51/51 MP: 8/8
  3949 | Ossuary  | Identified the +9 long sword of Discomfort {venom, Drain
                  | Int+3 Dex+3}
  4116 | D:5      | Reached ** piety under Okawaru
  4117 | D:5      | Reached skill level 5 in Maces & Flails
  4181 | D:5      | Found an ornate altar of the Wu Jian Council.
  4242 | D:5      | Found a sacrificial altar of Ru.
  4272 | D:5      | Noticed Edmund
  4290 | D:5      | Killed Edmund
  4491 | D:5      | Found a shimmering blue altar of Sif Muna.
  5295 | D:6      | Noticed Sigmund
  5303 | D:6      | Killed Sigmund
  5387 | D:7      | Reached XP level 9. HP: 46/56 MP: 9/9
  6647 | D:7      | Reached *** piety under Okawaru
  7225 | D:8      | Noticed a manticore
  7282 | D:7      | Reached XP level 10. HP: 16/64 MP: 10/10
  7461 | D:7      | Killed a manticore
  7623 | D:7      | HP: 3/65 [wyvern (11)]
  7624 | D:7      | Mangled by a wyvern

Illustrated notes

Levels and vault maps discovered:
D:1:      dpeg_arrival_stonehenge_12_columns, layout_rooms,
          ebering_ecumenical_altar_sacrificial
D:2:      minmay_wonky_spiral, layout_basic, serial_curves, eino_curves_04,
          eino_curves_03, uniq_terence, uniq_robin
D:3:      layout_basic, mainiacjoe_overflow_catwalk, uniq_jessica
D:4:      layout_basic, kennysheep_okawaru_gauntlet,
          nicolae_overflow_crystal_walls, mainiacjoe_overflow_alcove_4,
          grunt_temple_overflow_open, minmay_temple_entry_arrows,
          uniq_crazy_yiuf_cottage
D:5:      layout_rooms, tgw_sif, nzn_wu_jian_contemplation,
          overflow_temple_1_default, serial_shops, nicolae_book_shop_shelving,
          lightli_ossuary_entry_decrepit_ruins, kennysheep_windowed_goal,
          uniq_menkaure, uniq_edmund
D:6:      layout_loops_cross, uniq_sigmund
D:7:      layout_layer_cave, eino_jars
D:8:      layout_basic, kiku_gazebo_garden_becter, dk_xom_monty_hall,
          mainiacjoe_overflow_24_doors, minmay_lair_entry_grove, serial_shops,
          shop, minmay_microvault

Skill      XL: |  1  2  3  4  5  6  7  8  9 |
---------------+----------------------------+-----
Shields        | 4 5 6 8 |  8.6
Armour         | 4 5 6 8 |  8.5
Fighting       | 4 5 6 8 |  8.6
Maces & Flails | 3 4 5 7 |  7.4

Action                     |  1- 3 |  4- 6 |  7- 9 | 10-12 || total
---------------------------+-------+-------+-------+-------++-------
  Melee: Flail             |   166 |   235 |   562 |    45 ||  1008
 Invoke: Heroism           |       |       |     1 |     1 ||     2
    Use: Scroll            |       |    11 |     9 |       ||    20
 Armour: Scale mail        |   134 |       |       |       ||   134
         Chain mail        |       |   119 |       |       ||   119
         Ring mail         |       |    74 |   458 |    49 ||   581
  Dodge: Dodged            |    92 |   141 |   325 |    33 ||   591
  Block: Buckler           |    36 |    80 |   247 |    29 ||   392
         Reflection        |       |       |     1 |       ||     1

Table legend: (Time is in decaauts)
 A = Elapsed time spent in this place.
 B = Non-inter-level travel time spent in this place.
 C = Inter-level travel time spent in this place.
 D = Time resting spent in this place.
 E = Time spent auto-exploring this place.
 F = Levels seen in this place.
 G = Mean time per level.
                   A        B        C        D        E       F      G
               +--------+--------+--------+--------+--------+-----+--------+
         Total |   7821 |   7503 |    318 |    767 |   4850 |   9 |  869.0 |
       Dungeon |   7419 |   7101 |    318 |    684 |   4717 |   8 |  927.4 |
       Ossuary |    402 |    402 |      0 |     83 |    133 |   1 |  402.0 |
               +--------+--------+--------+--------+--------+-----+--------+

Top non-repeatable levels by time:
     D:7: 2077 daAuts
     D:2: 1479 daAuts
     D:4: 1098 daAuts
     D:5: 781 daAuts
     D:6: 737 daAuts
     D:3: 550 daAuts
     D:1: 496 daAuts
 Ossuary: 402 daAuts
     D:8: 197 daAuts
